 Dungeon Crawl Stone Soup version 0.28.0-53-g5a82cb258f (webtiles) character file.

Game seed: 7237414857835198104

5464 Sin92 the Skirmisher (level 10, 0/79 HPs)
             Began as a Demonspawn Fighter on July 3, 2022.
             Was an Initiate of Okawaru.
             Slain by a two-headed ogre
             ... wielding a +0 giant club
              (4 damage)
             ... on level 9 of the Dungeon on July 4, 2022.
             The game lasted 00:16:33 (8316 turns).

Sin92 the Skirmisher (Demonspawn Fighter)           Turns: 8316, Time: 00:16:34

Health: 0/79       AC: 17    Str: 16    XL:     10   Next: 41%
Magic:  10/10      EV: 12    Int: 11    God:    Okawaru [......]
Gold:   419        SH: 10    Dex: 16    Spells: 9/9 levels left

rFire   . . .      SeeInvis +   m - +3 scimitar (venom)
rCold   . . .      Faith    +   c - +0 buckler
rNeg    . . .      Spirit   .   b - +0 scale mail
rPois   .          Reflect  .   (no helmet)
rElec   .          Harm     .   d - +1 cloak
rCorr   .          Rampage  .   (no gloves)
Will    .....                   (no boots)
Stlth   ..........              v - amulet of faith
HPRegen 0.23/turn               e - ring of see invisible
MPRegen 0.12/turn               f - +4 ring of slaying

@: slowed, very slow
A: hooves 1, icy blue scales 2, icemail 1, condensation shield
a: Renounce Religion


You were on level 9 of the Dungeon.
You worshipped Okawaru.
Okawaru was noncommittal.
You visited 2 branches of the dungeon, and saw 10 of its levels.

You collected 419 gold pieces.

Inventory:

Hand Weapons
 m - a +3 scimitar of venom (weapon)
Missiles
 j - a throwing net (quivered)
Armour
 b - a +0 scale mail (worn)
 c - a +0 buckler (worn)
 d - a +1 cloak (worn)
Jewellery
 e - a ring of see invisible (left hand)
 f - a +4 ring of slaying (right hand)
 g - an amulet of guardian spirit
 n - the amulet "Ceami" {Acrobat Will+ Str+3}
   (You found it on level 4 of the Dungeon)

   [amulet of the acrobat]

   It increases your evasion while moving and waiting.
   Str:       It affects your strength (+3).
   Will:      It increases your willpower.
 v - an amulet of faith (around neck)
 y - an amulet of regeneration
 B - a ring of fire
Wands
 s - a wand of iceblast (28)
 C - a wand of acid (11)
Scrolls
 a - a scroll of identify
 x - a scroll of fear {unknown}
Potions
 h - a potion of haste
 i - 2 potions of cancellation
 k - 3 potions of lignification
 l - 3 potions of berserk rage
 p - 2 potions of resistance {unknown}
 q - 2 potions of curing
 r - a potion of brilliance
 t - 4 potions of might
 u - a potion of invisibility
 w - a potion of ambrosia
 z - a potion of attraction {unknown}
 A - a potion of mutation {unknown}


   Skills:
 + Level 7.6 Fighting
 * Level 6.6 Long Blades
 + Level 7.0 Armour
 + Level 6.2 Dodging
 + Level 6.9 Shields


You had 9 spell levels left.
You didn't know any spells.
Your spell library contained the following spells:

 Spells                   Type           Power      Damage    Failure   Level
 Corpse Rot               Necr/Air       0%         N/A       91%         2
 Poisonous Vapours        Pois/Air       0%         N/A       91%         2
 Ozocubu's Armour         Ice            0%         N/A       99%         3
 Metabolic Englaciation   Hex/Ice        0%         N/A       100%        5
 Summon Small Mammal      Summ           Unusable   N/A       N/A         1
 Call Canine Familiar     Summ           Unusable   N/A       N/A         3
 Summon Guardian Golem    Hex/Summ       Unusable   N/A       N/A         3
 Simulacrum               Ice/Necr       Unusable   N/A       N/A         6

Dungeon Overview and Level Annotations

Branches:
Dungeon (9/15)             Temple (1/1) D:4
   Lair: D:8-11         Orc: D:9-12

Altars:
Ashenzari
Cheibriados
Dithmenos
Elyvilon
Fedhas
Gozag
Hepliaklqana
Kikubaaqudgha
Nemelex Xobeh
Okawaru
Qazlal
Ru
Sif Muna
Trog
Uskayaw
Wu Jian
Xom
Yredelemnul
Zin
The Shining One

Shops:
D:4 =!:   D:7 [

Annotations:
D:9 Prince Ribbit


Innate Abilities, Weirdness & Mutations

You have large cloven feet.
You are mostly covered in icy blue scales. (AC +3)
A meltable icy envelope protects you from harm. (AC +4)
A meltable shield of frost defends you. (SH +4)


Message History

The centaur closely misses you. You block the centaur's attack.
The centaur hits you.
The centaur kicks you but does no damage.
The wraith hits you! The wraith drains your vigour!
You feel as though you will be slow longer.
Prince Ribbit blinks!
The centaur hits you but does no damage.
The centaur kicks you but does no damage.
You slice the centaur!!
You kill the centaur!
Okawaru accepts your kill. You block the wraith's attack. The wraith hits you.
The wraith drains your vigour!
You feel as though you will be slow longer.
You block the kobold's attack.
You slash the wraith! You kick the wraith.
The wraith is moderately damaged.
Prince Ribbit croaks regally.
The wraith hits you. The wraith drains your vigour!
You feel as though you will be slow longer.
The kobold hits you with a +0 whip. The wraith hits you but does no damage.
The kobold closely misses you.
Prince Ribbit blinks!
You completely miss the wraith. You kick the wraith.
The wraith is heavily damaged.
The wraith hits you but does no damage. The kobold closely misses you.
You block the two-headed ogre's attack.
The two-headed ogre hits you with a +0 giant club!
The wraith hits you but does no damage. You block the kobold's attack.
Unknown command.
As you read the scroll labelled WAMMUS EZE, it crumbles to dust.
Wisps of shadow whirl around you...
The shadows disperse without effect.
It was a scroll of summoning.
The two-headed ogre hits you with a +0 giant club!
* * * LOW HITPOINT WARNING * * *
You block the two-headed ogre's attack. The wraith hits you but does no damage.
The kobold hits you but does no damage.
The two-headed ogre hits you with a +0 giant club!
* * * LOW HITPOINT WARNING * * *
The two-headed ogre hits you with a +0 giant club.
You die...

#.###+###+##
#.'.........
#.#......#
#.#......#
#.#......#
#.###....#
#...#....#######
#...#...........
####...####@.......
.......FKK'O.......
........KW#........
.........K#........
..........#........
..........#.####'##
..........#.# ...
..........#.# ..
..........###


You could see a two-headed ogre, Prince Ribbit, a wraith and 4 kobolds.

Vanquished Creatures
  2 two-headed ogres (D:8)
  Eustachio (D:6)
  A vampire mosquito (D:6)
  4 water moccasins
  2 orc warriors
  An ice beast (D:7)
  2 hornet zombies
  A sky beast (D:5)
  3 black bears
  5 necrophages
  An ogre (D:7)
  3 centaurs
  A phantom (D:6)
  2 kobold brigands
  2 water moccasin zombies
  2 scorpions
  A wyvern zombie (D:8)
  A water moccasin skeleton (D:4)
  A wyvern skeleton (D:6)
  4 killer bees (D:7)
  3 wights (D:6)
  An electric eel (D:6)
  4 howler monkeys
  3 hounds
  7 orc priests
  A centaur zombie (D:6)
  2 jellies
  Crazy Yiuf (D:2)
  3 centaur skeletons (D:7)
  4 orc wizards
  Ijyb (D:5)
  3 iguanas
  6 gnolls
  An adder (D:3)
  A shadow imp (D:5)
  2 white imps
  An ufetubus (D:5)
  An adder skeleton (D:4)
  2 worms
  2 dart slugs
  25 orcs
  6 endoplasms
  5 hobgoblins
  8 jackals
  3 quokkas
  6 ball pythons
  5 bats
  2 frilled lizards
  3 goblins
  15 kobolds
  A quokka zombie (D:3)
  3 rats
171 creatures vanquished.

Vanquished Creatures (others)
  A jelly (D:7)
  A quokka (D:8)
2 creatures vanquished.

Grand Total: 173 creatures vanquished

Notes
Turn   | Place    | Note
-------+----------+-------------------------------------------
     0 | D:1      | Sin92 the Demonspawn Fighter began the quest for the Orb.
     0 | D:1      | Reached XP level 1. HP: 18/18 MP: 1/1
   375 | D:1      | Gained mutation: You have large cloven feet. [demonic
                  | ancestry]
   375 | D:1      | Reached XP level 2. HP: 22/24 MP: 2/2
   615 | D:2      | Found a stormy altar of Qazlal.
   983 | D:2      | Noticed a necrophage
   995 | D:2      | Killed a necrophage
   996 | D:2      | Reached skill level 1 in Dodging
   996 | D:2      | Gained mutation: You are partially covered in icy blue
                  | scales. (AC +2) [demonic ancestry]
   996 | D:2      | Reached XP level 3. HP: 21/29 MP: 3/3
   996 | D:2      | Reached XP level 4. HP: 25/35 MP: 4/4
  1191 | D:2      | Found a runed translucent door.
  1192 | D:2      | Noticed Crazy Yiuf
  1379 | D:2      | Killed Crazy Yiuf
  1564 | D:3      | Gained mutation: You are mostly covered in icy blue scales.
                  | (AC +3) [demonic ancestry]
  1564 | D:3      | Reached XP level 5. HP: 42/42 MP: 5/5
  2278 | D:3      | Gained mutation: A meltable shield of frost defends you.
                  | (SH +4) [demonic ancestry]
  2278 | D:3      | Reached XP level 6. HP: 48/48 MP: 6/6
  2590 | D:4      | Found a snail-covered altar of Cheibriados.
  2755 | D:4      | Found Sid Yxt's Jewellery Shop.
  2807 | D:4      | Found Faummu's Distillery.
  3071 | D:4      | Identified the amulet "Ceami" {Acrobat Will+ Str+3}
  3123 | D:4      | Found Relil's Book Boutique.
  3165 | D:4      | Reached XP level 7. HP: 55/55 MP: 7/7
  3221 | D:4      | Found a staircase to the Ecumenical Temple.
  3238 | Temple   | Entered the Ecumenical Temple
  3551 | D:5      | Entered Level 5 of the Dungeon
  3651 | D:5      | Noticed Ijyb
  3659 | D:5      | Killed Ijyb
  3685 | D:5      | Found an ornate altar of the Wu Jian Council.
  3687 | D:5      | Found an ancient bone altar of Kikubaaqudgha.
  3893 | D:5      | Found a basalt altar of Yredelemnul.
  3976 | D:5      | Reached skill level 5 in Fighting
  3994 | D:5      | Reached XP level 8. HP: 62/62 MP: 8/8
  4159 | D:5      | Reached skill level 5 in Armour
  4727 | D:6      | Reached skill level 5 in Shields
  5232 | D:6      | Reached skill level 5 in Long Blades
  5273 | D:6      | Gained mutation: A meltable icy envelope protects you from
                  | harm. (AC +4) [demonic ancestry]
  5273 | D:6      | Reached XP level 9. HP: 69/69 MP: 9/9
  5704 | D:6      | Noticed Eustachio
  5738 | D:6      | Killed Eustachio
  5864 | D:6      | Reached skill level 5 in Dodging
  6615 | D:7      | Identified a scroll of acquirement
  6615 | D:7      | Acquired a +3 vorpal scimitar
  6687 | D:7      | Found a sacrificial altar of Ru.
  6815 | D:7      | Found Joori's Armour Boutique.
  7048 | D:7      | Found a stormy altar of Qazlal.
  7382 | D:8      | Noticed a two-headed ogre
  7390 | D:8      | Killed a two-headed ogre
  7391 | D:8      | Reached XP level 10. HP: 23/79 MP: 10/10
  7397 | D:8      | Noticed a two-headed ogre
  7657 | D:8      | Killed a two-headed ogre
  8211 | D:8      | Found an iron altar of Okawaru.
  8220 | D:8      | Became a worshipper of Warmaster Okawaru
  8303 | D:9      | Noticed Prince Ribbit
  8310 | D:9      | Noticed a two-headed ogre
  8316 | D:9      | Slain by a two-headed ogre

Illustrated notes

Levels and vault maps discovered:
D:1:      elethiomel_arrival_shortcut, layout_rooms, minmay_split_cup_large
D:2:      layout_loops_ring, basic_altar, uniq_crazy_yiuf_cottage
D:3:      layout_loops_cross, minmay_bisected
D:4:      layout_cave_pools, kennysheep_slug_shrine, minmay_temple_entry_tees,
          serial_shops, shop, nicolae_lakefront_shop, nicolae_shop_waterfront,
          hangedman_abyss_or_decor_stabs, serial_bayou_pond_b
D:5:      layout_basic, grunt_temple_overflow_open, uniq_ijyb
D:6:      layout_layer_cave, grunt_decor_resistance, minmay_fountain_box,
          minivault_14, minmay_pentangle, uniq_eustachio
D:7:      layout_cave_pools, nicolae_ru_sacrificial_ziggurat,
          grunt_qazlal_clouds, serial_shops, shop
D:8:      layout_rooms, elyvilon_altar_4, kennysheep_okawaru_gauntlet
D:9:      layout_irregular_city, grunt_temple_overflow_lords_of_destruction,
          david_orc_2, uniq_prince_ribbit1, uniq_harold
Temple:   nicolae_temple_hex_pool

Skill      XL: |  1  2  3  4  5  6  7  8  9 10 |
---------------+-------------------------------+-----
Long Blades    | 2 3 4 5 6 |  6.6
Armour         | 3 4 5 6 7 |  7.0
Dodging        | 1 2 3 4 5 6 |  6.2
Shields        | 3 4 5 6 |  6.9
Fighting       | 4 5 6 7 |  7.6

Action                   |  1- 3 |  4- 6 |  7- 9 | 10-12 || total
-------------------------+-------+-------+-------+-------++-------
Melee: Long sword        |    70 |   131 |   257 |       ||   458
       Kick              |    10 |    36 |    82 |    15 ||   143
       Scimitar          |       |       |    58 |    41 ||    99
  Use: Potion            |     1 |       |       |       ||     1
       Scroll            |       |     6 |    12 |     1 ||    19
Armor: Scale mail        |    26 |    64 |   166 |    35 ||   291
Dodge: Dodged            |    39 |    64 |   235 |    52 ||   390
Block: Buckler           |    18 |    48 |   218 |    49 ||   333
